Workbook

Sheet Instructions
A1: FOR OPTIMUM EVALUATION, THIS FINANCIAL DATA DASHBOARD SHOULD BE USED IN CONJUNCTION WITH THE CLINICAL DATA DASHBOARD
A2: GENERAL INSTRUCTIONS FOR COMPLETING QUESTIONNAIRE
B3: Please DO NOT change Program Headings.
B4: Please DO NOT delete columns.
B5: Please use the same time frame for all data.
B6: Information in Section 1 is from your agency's current approved fiscal year budget.
B7: Information in Section 2 is from your agency's current year-to-date general ledger.
B8: Information in Section 3 is from the BL094 report in CSDW or from your vendor system.
B9: The information from the Questionnaire will auto-populate all the spreadsheets and graphs in the file.
B10: After all information has been entered in the Questionnaire, columns with no data can be hidden (see Sections 5 and 6 of the Questionnaire).
B11: Please look down the ENTIRE COLUMN before hiding columns to be sure that there is no data in the ENTIRE COLUMN.
B12: BE SURE TO SAVE YOUR FILE.
B13: If you have questions, please contact your Practice Management Lead Consultant.
A15: INSTRUCTIONS FOR RUNNING REPORT BL094 IN CSDW AND COMPLETING SECTION 3 OF THE QUESTIONNAIRE
B16: You must be authorized by the state to use CSDW.
B17: Sign into CSDW using your NCID and password.
C18: The website address is "https://csdwportal.dhhs.state.nc.us/csdwlogin/"
B19: Click on the "Documents" tab at the top of the screen
C20: Double Click on "Public Folders"
C21: Double Click on "DHHS Main Document"
C22: Double Click on "DPH"
C23: Double Click on "HIS"
C24: Double Click on "State Sanctioned"
C25: Double Click on "Claims/Billing"
C26: Double Click on "BL094 Billing Activity Report"
C27: The "Prompts" screen should appear
B28: Type your agency's root system code where it says "Type values here" and then click on the ">" button
B29: Click on "Enter Date of Service (Start)"
C30: Enter July 1 of the current fiscal year. Correct format is 07/01/2014.
B31: Click on "Enter Date of Service (End)"
C32: Enter the last day of the previous month. Correct format is 06/30/2015.
B33: Click on "Run Query"
B34: When the report processes, click on the "Guarantor Summary by RRG" tab
C35: The report is sorted by program
B36: The report can be printed or exported if desired.
C37: To print the report if using Internet Explorer
D38: Click on the "Print" icon near the top left hand corner of the screen
D39: In a few seconds, you will see a box that says "Do you want to open or save BL094 . . ."
D40: Choose "Open"
D41: You will see the Adobe Reader Print screen
E42: Click on the plus sign beside "Guarantor Summary by RRG"
E43: Click on the first program listed
E44: NOTE the beginning and ending page numbers on the tool bar above the report - these are the only pages that you need to print
E45: Click on "File"
E46: Click on "Print"
E47: Click on "Printer" and choose the correct printer
E48: Click on "Pages"
E49: Type in the beginning and ending page numbers noted above separated by a "-"
E50: Click "Print" at the bottom of the Adobe Reader screen
C51: To save the report after printing
D52: On the Adobe Reader Print screen
E53: Click on "File"
E54: Click on "Save As"
E55: Choose where to save the file
E56: Click on "Save"
C57: To print the report if using Mozilla Firefox
D58: Click on the drop down box beside the "Print" icon near the top left hand corner of the screen
D59: Click on "Print (CTRL+P)"
E60: Choose "Current Report" for the Print Range
E61: Choose "Letter" for Page Size
E62: For "Scaling", change to 1 page wide
E63: Choose "Portrait" for Orientation
E64: Click on "Print"
D65: In a few seconds, you will see a box that says "Do you want to open or save BL094 . . ."
D66: Choose "Open"
D67: You will see the Adobe Reader Print screen
E68: Click on the "Print" icon near the upper left hand corner of the screen
E69: Choose the correct printer
E70: Click on "Print"
C71: To save the report after printing
D72: On the Adobe Reader Print screen
E73: Click on "File"
E74: Click on "Save As"
E75: Choose where to save the file
E76: Click on "Save"
B77: The BL094 report uses number codes for every guarantor
C78: A list of Guarantor decodes can be found on the HIS Library website
D79: The website address is https://wss01.dhhs.state.nc.us/sites/dhhs/DPH/HIS%20Library/default.aspx
D80: Click on "Training & Support Resources"
D81: Click on "How To Documents - Billing"
D82: Click on "Commercial Billing Resources"
D83: Click on "Commercial and Clearinghouse Resources"
D84: Click on "Guarantor List as of"
C85: Save this document to your computer by using the "File" and "Save As" option
C86: The "Guarantor" number on the BL094 report is the same as the "Avatar ID" on the HIS Guarantor Report
B87: Review and total the information on the BL094 report
C88: You will need to calculate the total Service Fees and the total Payments for each guarantor
C89: Guarantor 99999 is "Non-Recoverable" and is usually only used if there are errors on the patient's Cross Episode Financial Eligibility screen
D90: If there are large amounts in this guarantor category, you will need to do additional research to correct errors
C91: Guarantor 90000 is "Sliding Fee Scale"
D92: There should not be any payments for Sliding Fee Scale
C93: Guarantor 2 is Medicare and should be included in the "Insurance" amounts
C94: Guarantors 15 and 431 are NC Health Choice and should be included in the "Insurance" amounts
C95: Guarantor 30 is Patient Pay Confidential and should be included in the "Patient Pay" amounts
C96: Guarantor 90003 is Debt Set Off and should be included in the "Patient Pay" amounts
C97: Guarantors 1, 12, 13, 14, and 16 are all Medicaid and should be included in the "Medicaid" amounts
B98: Complete Section 3 on the "Questionnaire" tab in this file
C99: Enter the total amounts for each guarantor which you have calculated using the BL094 report
D100: Enter the Service Fee totals for each guarantor
D101: Enter the Payment totals for each guarantor
...

Sheet Questionnaire
A1: PLEASE REVIEW THE INFORMATION ON THE "INSTRUCTIONS" WORKSHEET BEFORE BEGINNING WORK ON THIS QUESTIONNAIRE.
A2: Please enter the name of your agency in the blank provided.
A4: PLEASE COMPLETE ALL OF THE FOLLOWING INFORMATION AS ACCURATELY AS POSSIBLE
A6: Section 1 | B6: This information comes from your current fiscal year approved Health Department Budget.
B7: Please enter the total amount of your current fiscal year's BUDGETED REVENUE for each program by source. Please align your information to the program headings as closely as possible. Please do not change program headings.
C8: Child Hlth | D8: Hlth Check | E8: Immunes | F8: Fam Plan | G8: Maternity | H8: Preg Med Home | I8: Epidemiology | J8: STD | K8: TB | L8: Adult Hlth | M8: Primary Care | N8: Other Serv | O8: BCCCP | P8: Dental | Q8: Behav Hlth-Child | R8: Behav Hlth-Adult | S8: Behav Hlth - Mat | T8: TOTAL | X8: With Cost Settlement | Z8: Without Cost Settlement
B9: State Funds | T9: =SUM(C9:S9) -> 0 | X9: Medicaid Revenue | Y9: =T10+T11 -> 0 | Z9: Medicaid Revenue | AA9: =T10 -> 0
B10: Medicaid Revenues | T10: =SUM(C10:S10) -> 0 | X10: State Revenue | Y10: =T9 -> 0 | Z10: State Revenue | AA10: =Y10 -> 0
B11: Medicaid Cost Settlemt | T11: =SUM(C11:S11) -> 0 | X11: Other Revenues | Y11: =T12+T13+T14 -> 0 | Z11: Other Revenues | AA11: =Y11 -> 0
B12: Insurance Revenues | T12: =SUM(C12:S12) -> 0 | X12: County Funds | Y12: =T15 -> 0 | Z12: County Funds | AA12: =Y12+T11 -> 0
B13: Self Pay Revenues | T13: =SUM(C13:S13) -> 0
B14: Other Revenues | T14: =SUM(C14:S14) -> 0
B15: County Funds | T15: =SUM(C15:S15) -> 0
B16: TOTAL BY PROGRAM | C16: =SUM(C9:C15) -> 0 | D16: =SUM(D9:D15) -> 0 | E16: =SUM(E9:E15) -> 0 | F16: =SUM(F9:F15) -> 0 | G16: =SUM(G9:G15) -> 0 | H16: =SUM(H9:H15) -> 0 | I16: =SUM(I9:I15) -> 0 | J16: =SUM(J9:J15) -> 0 | ... S16: =SUM(S9:S15) -> 0 | T16: =SUM(C16:S16) -> 0 | U16: =SUM(T9:T15)-T16 -> 0 | V16: DIFFERENCE (This should be -0-)
B17: Total Without County Funds | C17: =C16-C15 -> 0 | D17: =D16-D15 -> 0 | E17: =E16-E15 -> 0 | F17: =F16-F15 -> 0 | G17: =G16-G15 -> 0 | H17: =H16-H15 -> 0 | I17: =I16-I15 -> 0 | J17: =J16-J15 -> 0 | ... T17: =T16-T15 -> 0
A19: Section 2 | B19: This information comes from your current year-to-date Health Department budget reports (general ledger).
B20: Please enter the total year-to-date expenditures by program, through the last day of the previous month. Please align your information to the program headings as closely as possible. Please do not change program headings.
B21: In the blank below, please key in the date range of the year-to-date reports. The range should start with the first day of the current fiscal year. Example: July 1, 2015 - June 30, 2016
C23: Child Hlth | D23: Hlth Check | E23: Immunes | F23: Fam Plan | G23: Maternity | H23: Preg Med Home | I23: Epidemiology | J23: STD | K23: TB | L23: Adult Hlth | M23: Primary Care | N23: Other Serv | O23: BCCCP | P23: Dental | Q23: Behav Hlth-Child | R23: Behav Hlth-Adult | S23: Behav Hlth - Mat | T23: TOTAL
B24: TOTAL Salary/Fringe | T24: =SUM(C24:S24) -> 0 | X24: Total Salary/Fringe | Y24: =T24 -> 0
B25: TOTAL Operating | T25: =SUM(C25:S25) -> 0 | X25: Total Operating Expenses | Y25: =T25 -> 0
B26: TOTAL YTD Expenses | C26: =SUM(C24:C25) -> 0 | D26: =SUM(D24:D25) -> 0 | E26: =SUM(E24:E25) -> 0 | F26: =SUM(F24:F25) -> 0 | G26: =SUM(G24:G25) -> 0 | H26: =SUM(H24:H25) -> 0 | I26: =SUM(I24:I25) -> 0 | J26: =SUM(J24:J25) -> 0 | ... N26: =SUM(N24:N25) -> 0 | P26: =SUM(P24:P25) -> 0 | Q26: =SUM(Q24:Q25) -> 0 | R26: =SUM(R24:R25) -> 0 | S26: =SUM(S24:S25) -> 0 | T26: =SUM(C26:S26) -> 0 | U26: =SUM(T24:T25)-T26 -> 0 | V26: DIFFERENCE (This should be -0-)
C28: Child Hlth | D28: Hlth Check | E28: Immunes | F28: Fam Plan | G28: Maternity | H28: Preg Med Home | I28: Epidemiology | J28: STD | K28: TB | L28: Adult Hlth | M28: Primary Care | N28: Other Serv | O28: BCCCP | P28: Dental | Q28: Behav Hlth-Child | R28: Behav Hlth-Adult | S28: Behav Hlth - Mat | T28: TOTAL
B29: Spent | C29: =C26/C16 -> #DIV/0! | D29: =D26/D16 -> #DIV/0! | E29: =E26/E16 -> #DIV/0! | F29: =F26/F16 -> #DIV/0! | G29: =G26/G16 -> #DIV/0! | H29: =H26/H16 -> #DIV/0! | I29: =I26/I16 -> #DIV/0! | J29: =J26/J16 -> #DIV/0! | ... S29: =S26/S16 -> #DIV/0!
B30: Received | C30: =AC38 -> #DIV/0! | D30: =AD38 -> #DIV/0! | E30: =AE38 -> #DIV/0! | F30: =AF38 -> #DIV/0! | G30: =AG38 -> #DIV/0! | H30: =AH38 -> #DIV/0! | I30: =AI38 -> #DIV/0! | J30: =AJ38 -> #DIV/0! | ... S30: =AS38 -> #DIV/0!
A32: Section 3 | B32: This information comes from the BL094 report in CSDW. If you use a vendor system, please complete the information as accurately as possible.
B33: Please enter the year-to-date amount that was BILLED for each program by Financial Class as well as the year-to-date amount that was RECEIVED for each program by Financial Class. Please do not change program headings.
C34: Child Hlth | D34: Hlth Check | E34: Immunes | F34: Fam Plan | G34: Maternity | H34: Preg Med Home | I34: Epidemiology | J34: STD | K34: TB | L34: Adult Hlth | M34: Primary Care | N34: Other Serv | O34: BCCCP | P34: Dental | Q34: Behav Hlth-Child | R34: Behav Hlth-Adult | S34: Behav Hlth - Mat | T34: TOTAL | Y34: Billed | Z34: Received | AC34: Child Hlth | AD34: Hlth Check | AE34: Immunes | AF34: Fam Plan | AG34: Maternity | AH34: Preg Med Home | AI34: Epidemiology | AJ34: STD | AK34: TB | AL34: Adult Hlth | AM34: Primary Care | AN34: Other Serv | AO34: BCCCP | AP34: Dental | AQ34: Behav Hlth-Child | AR34: Behav Hlth-Adult | AS34: Behav Hlth - Mat | AT34: TOTAL
A35: Year | B35: Medicaid | T35: =SUM(C35:S35) -> 0 | V35: Total Patient Responsibility | W35: =T37 -> 0 | X35: Medicaid | Y35: =T35 -> 0 | Z35: =T42 -> 0 | AB35: Billed | AC35: =C40 -> 0 | AD35: =D40 -> 0 | AE35: =E40 -> 0 | AF35: =F40 -> 0 | AG35: =G40 -> 0 | AH35: =H40 -> 0 | AI35: =I40 -> 0 | AJ35: =J40 -> 0 | ... AT35: =T40 -> 0
A36: to | B36: Insurance | T36: =SUM(C36:S36) -> 0 | V36: Total SFS Charges | W36: =T38 -> 0 | X36: Insurance | Y36: =T36 -> 0 | Z36: =T43 -> 0 | AB36: Received | AC36: =C46 -> 0 | AD36: =D46 -> 0 | AE36: =E46 -> 0 | AF36: =F46 -> 0 | AG36: =G46 -> 0 | AH36: =H46 -> 0 | AI36: =I46 -> 0 | AJ36: =J46 -> 0 | ... AT36: =T46 -> 0
A37: Date | B37: Patient Pay | T37: =SUM(C37:S37) -> 0 | X37: Patient Pay | Y37: =T37 -> 0 | Z37: =T44 -> 0 | AB37: Budgeted | AC37: =C17 -> 0 | AD37: =D17 -> 0 | AE37: =E17 -> 0 | AF37: =F17 -> 0 | AG37: =G17 -> 0 | AH37: =H17 -> 0 | AI37: =I17 -> 0 | AJ37: =J17 -> 0 | ... AT37: =T17 -> 0
A38: SERVICE | B38: Sliding Fee Scale | T38: =SUM(C38:S38) -> 0 | X38: Other | Y38: =T39 -> 0 | Z38: =T45 -> 0 | AB38: % Received | AC38: =AC36/AC37 -> #DIV/0! | AD38: =AD36/AD37 -> #DIV/0! | AE38: =AE36/AE37 -> #DIV/0! | AF38: =AF36/AF37 -> #DIV/0! | AG38: =AG36/AG37 -> #DIV/0! | AH38: =AH36/AH37 -> #DIV/0! | AI38: =AI36/AI37 -> #DIV/0! | AJ38: =AJ36/AJ37 -> #DIV/0! | ... AT38: =AT36/AT37 -> #DIV/0!
A39: FEES | B39: Other | T39: =SUM(C39:S39) -> 0 | X39: TOTAL Billed | Y39: =SUM(Y35:Y38) -> 0 | Z39: Total Receipts | AA39: =SUM(Z35:Z38) -> 0
B40: TOTAL | C40: =SUM(C35:C39) -> 0 | D40: =SUM(D35:D39) -> 0 | E40: =SUM(E35:E39) -> 0 | F40: =SUM(F35:F39) -> 0 | G40: =SUM(G35:G39) -> 0 | H40: =SUM(H35:H39) -> 0 | I40: =SUM(I35:I39) -> 0 | J40: =SUM(J35:J39) -> 0 | ... N40: =SUM(N35:N39) -> 0 | P40: =SUM(P35:P39) -> 0 | Q40: =SUM(Q35:Q39) -> 0 | R40: =SUM(R35:R39) -> 0 | S40: =SUM(S35:S39) -> 0 | T40: =SUM(C40:S40) -> 0 | U40: =SUM(T35:T39)-T40 -> 0 | V40: DIFFERENCE (This should be -0-) | Z40: Total Billed | AA40: =Y39 -> 0
Z41: Percentage | AA41: =AA39/AA40 -> #DIV/0!
A42: Year | B42: Medicaid | T42: =SUM(C42:S42) -> 0
A43: to | B43: Insurance | T43: =SUM(C43:S43) -> 0
A44: Date | B44: Patient Pay | T44: =SUM(C44:S44) -> 0
A45: PAYMENTS | B45: Other | T45: =SUM(C45:S45) -> 0
B46: TOTAL | C46: =SUM(C42:C45) -> 0 | D46: =SUM(D42:D45) -> 0 | E46: =SUM(E42:E45) -> 0 | F46: =SUM(F42:F45) -> 0 | G46: =SUM(G42:G45) -> 0 | H46: =SUM(H42:H45) -> 0 | I46: =SUM(I42:I45) -> 0 | J46: =SUM(J42:J45) -> 0 | ... N46: =SUM(N42:N45) -> 0 | P46: =SUM(P42:P45) -> 0 | Q46: =SUM(Q42:Q45) -> 0 | R46: =SUM(R42:R45) -> 0 | S46: =SUM(S42:S45) -> 0 | T46: =SUM(C46:S46) -> 0 | U46: =SUM(T42:T45)-T46 -> 0 | V46: DIFFERENCE (This should be -0-)
A48: Section 4 | B48: Please review the "Financial Data Dashboard" worksheet in this file. If there are programs that have no data, please hide those columns.
B49: Please DO NOT DELETE the columns - HIDE the columns.
A51: Section 5 | B51: Please review the information entered in the "Questionnaire" worksheet. If there are programs that have no data, please hide those columns.
B52: Please DO NOT DELETE the columns - HIDE the columns.
B53: Please look down the ENTIRE COLUMN to be sure that there is no data in the ENTIRE COLUMN before hiding the column.
B54: If you hide a program column, please also hide the corresponding column on the right side of the Questionnaire. Example: Hide Preg Med Home column "H" and Preg Med Home column "AH".
A56: Section 6 | B56: Please review all worksheets/tabs in this file. Please make any formatting changes needed to ensure that graphs are correct and legible, including changing the agency name and date range.
B57: You may need to move data labels or change data point colors. There are 9 graphs.
B58: Beginning with the Percentage Spent Graph, if the column Headings need to be abbreviated, you can abbreviate them here on the Questionnaire worksheet in columns C - AS.

Sheet Financial Data Dashboard
A1: This spreadsheet breaks out funding sources for each program group and calculates the monthly requirement without Cost Settlement included.
A2: It also looks at the current YTD expenditures, the YTD Billing, and the YTD Revenues.
A4: =Questionnaire!F2 -> 0
A5: Financial Data Dashboard
C6: =Questionnaire!B22 -> 0
B7: AH/PC/OS/BC | C7: CH/HC | D7: FP | E7: MH/PMH | F7: IMM | G7: STD/EPI | H7: TB | I7: Dental | J7: BH | K7: Total
A9: State Budget | B9: =Questionnaire!L9+Questionnaire!M9+Questionnaire!N9+Questionnaire!O9 -> 0 | C9: =Questionnaire!C9+Questionnaire!D9 -> 0 | D9: =Questionnaire!F9 -> 0 | E9: =Questionnaire!G9+Questionnaire!H9 -> 0 | F9: =Questionnaire!E9 -> 0 | G9: =Questionnaire!J9+Questionnaire!I9 -> 0 | H9: =Questionnaire!K9 -> 0 | I9: =Questionnaire!P9 -> 0 | J9: =Questionnaire!Q9+Questionnaire!R9+Questionnaire!S9 -> 0 | K9: =Questionnaire!T9 -> 0
A10: Local Budget (101) | B10: =Questionnaire!L15+Questionnaire!M15+Questionnaire!N15+Questionnaire!O15 -> 0 | C10: =Questionnaire!C15+Questionnaire!D15 -> 0 | D10: =Questionnaire!F15 -> 0 | E10: =Questionnaire!G15+Questionnaire!H15 -> 0 | F10: =Questionnaire!E15 -> 0 | G10: =Questionnaire!J15+Questionnaire!I15 -> 0 | H10: =Questionnaire!K15 -> 0 | I10: =Questionnaire!P15 -> 0 | J10: =Questionnaire!Q15+Questionnaire!R15+Questionnaire!S15 -> 0 | K10: =Questionnaire!T15 -> 0
A11: Medicaid Budget (102) | B11: =Questionnaire!L10+Questionnaire!M10+Questionnaire!N10+Questionnaire!O10 -> 0 | C11: =Questionnaire!C10+Questionnaire!D10 -> 0 | D11: =Questionnaire!F10 -> 0 | E11: =Questionnaire!G10+Questionnaire!H10 -> 0 | F11: =Questionnaire!E10 -> 0 | G11: =Questionnaire!J10+Questionnaire!I10 -> 0 | H11: =Questionnaire!K10 -> 0 | I11: =Questionnaire!P10 -> 0 | J11: =Questionnaire!Q10+Questionnaire!R10+Questionnaire!S10 -> 0 | K11: =Questionnaire!T10 -> 0
A12: Other Budget (103) | B12: =Questionnaire!L12+Questionnaire!L13+Questionnaire!L14+Questionnaire!M12+Questionnaire!M13+Questionnaire!M14+Questionnaire!N12+Questionnaire!N13+Questionnaire!N14+Questionnaire!O12+Questionnaire!O13+Questionnaire!O14 -> 0 | C12: =Questionnaire!C12+Questionnaire!C13+Questionnaire!C14+Questionnaire!D12+Questionnaire!D13+Questionnaire!D14 -> 0 | D12: =Questionnaire!F12+Questionnaire!F13+Questionnaire!F14 -> 0 | E12: =Questionnaire!G12+Questionnaire!G13+Questionnaire!G14+Questionnaire!H12+Questionnaire!H13+Questionnaire!H14 -> 0 | F12: =Questionnaire!E12+Questionnaire!E13+Questionnaire!E14 -> 0 | G12: =Questionnaire!I12+Questionnaire!I13+Questionnaire!I14+Questionnaire!J12+Questionnaire!J13+Questionnaire!J14 -> 0 | H12: =Questionnaire!K12+Questionnaire!K13+Questionnaire!K14 -> 0 | I12: =Questionnaire!P12+Questionnaire!P13+Questionnaire!P14 -> 0 | J12: =Questionnaire!Q12+Questionnaire!Q13+Questionnaire!Q14+Questionnaire!R12+Questionnaire!R13+Questionnaire!R14+Questionnaire!S12+Questionnaire!S13+Questionnaire!S14 -> 0 | K12: =Questionnaire!T12+Questionnaire!T13+Questionnaire!T14 -> 0
A13: Cost Settlement | B13: =Questionnaire!L11+Questionnaire!M11+Questionnaire!N11+Questionnaire!O11 -> 0 | C13: =Questionnaire!C11+Questionnaire!D11 -> 0 | D13: =Questionnaire!F11 -> 0 | E13: =Questionnaire!G11+Questionnaire!H11 -> 0 | F13: =Questionnaire!E11 -> 0 | G13: =Questionnaire!J11+Questionnaire!I11 -> 0 | H13: =Questionnaire!K11 -> 0 | I13: =Questionnaire!P11 -> 0 | J13: =Questionnaire!Q11+Questionnaire!R11+Questionnaire!S11 -> 0 | K13: =Questionnaire!T11 -> 0
A14: Total Budget (with Cost Settlement) | B14: =Questionnaire!L16+Questionnaire!M16+Questionnaire!N16+Questionnaire!O16 -> 0 | C14: =Questionnaire!C16+Questionnaire!D16 -> 0 | D14: =Questionnaire!F16 -> 0 | E14: =Questionnaire!G16+Questionnaire!H16 -> 0 | F14: =Questionnaire!E16 -> 0 | G14: =Questionnaire!I16+Questionnaire!J16 -> 0 | H14: =Questionnaire!K16 -> 0 | I14: =Questionnaire!P16 -> 0 | J14: =Questionnaire!Q16+Questionnaire!R16+Questionnaire!S16 -> 0 | K14: =Questionnaire!T16 -> 0
A15: Total Budget (w/o Cost Settlement) | B15: =B14-B13 -> 0 | C15: =C14-C13 -> 0 | D15: =D14-D13 -> 0 | E15: =E14-E13 -> 0 | F15: =F14-F13 -> 0 | G15: =G14-G13 -> 0 | H15: =H14-H13 -> 0 | I15: =I14-I13 -> 0 | ... K15: =K14-K13 -> 0
A16: Monthly Budget(w/o Cost Settlement) | B16: =B15/12 -> 0 | C16: =C15/12 -> 0 | D16: =D15/12 -> 0 | E16: =E15/12 -> 0 | F16: =F15/12 -> 0 | G16: =G15/12 -> 0 | H16: =H15/12 -> 0 | I16: =I15/12 -> 0 | ... K16: =K15/12 -> 0
A18: YTD Expenditures | B18: =Questionnaire!L26+Questionnaire!M26+Questionnaire!N26 -> 0 | C18: =Questionnaire!C26+Questionnaire!D26 -> 0 | D18: =Questionnaire!F26 -> 0 | E18: =Questionnaire!G26+Questionnaire!H26 -> 0 | F18: =Questionnaire!E26 -> 0 | G18: =Questionnaire!I26+Questionnaire!J26 -> 0 | H18: =Questionnaire!K26 -> 0 | I18: =Questionnaire!P26 -> 0 | J18: =Questionnaire!Q26+Questionnaire!R26+Questionnaire!S26 -> 0 | K18: =Questionnaire!T26 -> 0
A19: % of Annual Budget Expended YTD | B19: =IFERROR(B18/B15,"-") -> - | C19: =IFERROR(C18/C15,"-") -> - | D19: =IFERROR(D18/D15,"-") -> - | E19: =IFERROR(E18/E15,"-") -> - | F19: =IFERROR(F18/F15,"-") -> - | G19: =IFERROR(G18/G15,"-") -> - | H19: =IFERROR(H18/H15,"-") -> - | I19: =IFERROR(I18/I15,"-") -> - | ... K19: =IFERROR(K18/K15,"-") -> -
A20: % of Expenditures for Salary/Fringe | B20: =IFERROR((Questionnaire!L24+Questionnaire!M24+Questionnaire!N24)/(Questionnaire!L26+Questionnaire!M26+Questionnaire!N26),"-") -> - | C20: =IFERROR((Questionnaire!C24+Questionnaire!D24)/(Questionnaire!C26+Questionnaire!D26),"-") -> - | D20: =IFERROR(Questionnaire!F24/Questionnaire!F26,"-") -> - | E20: =IFERROR((Questionnaire!G24+Questionnaire!H24)/(Questionnaire!G26+Questionnaire!H26),"-") -> - | F20: =IFERROR(Questionnaire!E24/Questionnaire!E26,"-") -> - | G20: =IFERROR((Questionnaire!I24+Questionnaire!J24)/(Questionnaire!I26+Questionnaire!J26),"-") -> - | H20: =IFERROR(Questionnaire!K24/Questionnaire!K26,"-") -> - | I20: =IFERROR(Questionnaire!P24/Questionnaire!P26,"-") -> - | J20: =IFERROR((Questionnaire!Q24+Questionnaire!R24+Questionnaire!S24)/(Questionnaire!Q26+Questionnaire!R26+Questionnaire!S26),"-") -> - | K20: =IFERROR(Questionnaire!T24/Questionnaire!T26,"-") -> -
A22: YTD Billing (BL094)
A23: Medicaid | B23: =Questionnaire!L35+Questionnaire!M35+Questionnaire!N35 -> 0 | C23: =Questionnaire!C35+Questionnaire!D35 -> 0 | D23: =Questionnaire!F35 -> 0 | E23: =Questionnaire!G35+Questionnaire!H35 -> 0 | F23: =Questionnaire!E35 -> 0 | G23: =Questionnaire!I35+Questionnaire!J35 -> 0 | H23: =Questionnaire!K35 -> 0 | I23: =Questionnaire!P35 -> 0 | J23: =Questionnaire!Q35+Questionnaire!R35+Questionnaire!S35 -> 0 | K23: =Questionnaire!T35 -> 0
A24: Insurance | B24: =Questionnaire!L36+Questionnaire!M36+Questionnaire!N36 -> 0 | C24: =Questionnaire!C36+Questionnaire!D36 -> 0 | D24: =Questionnaire!F36 -> 0 | E24: =Questionnaire!G36+Questionnaire!H36 -> 0 | F24: =Questionnaire!E36 -> 0 | G24: =Questionnaire!I36+Questionnaire!J36 -> 0 | H24: =Questionnaire!K36 -> 0 | I24: =Questionnaire!P36 -> 0 | J24: =Questionnaire!Q36+Questionnaire!R36+Questionnaire!S36 -> 0 | K24: =Questionnaire!T36 -> 0
A25: Patient Pay | B25: =Questionnaire!L37+Questionnaire!M37+Questionnaire!N37 -> 0 | C25: =Questionnaire!C37+Questionnaire!D37 -> 0 | D25: =Questionnaire!F37 -> 0 | E25: =Questionnaire!G37+Questionnaire!H37 -> 0 | F25: =Questionnaire!E37 -> 0 | G25: =Questionnaire!I37+Questionnaire!J37 -> 0 | H25: =Questionnaire!K37 -> 0 | I25: =Questionnaire!P37 -> 0 | J25: =Questionnaire!Q37+Questionnaire!R37+Questionnaire!S37 -> 0 | K25: =Questionnaire!T37 -> 0
A26: Other | B26: =Questionnaire!L39+Questionnaire!M39+Questionnaire!N39 -> 0 | C26: =Questionnaire!C39+Questionnaire!D39 -> 0 | D26: =Questionnaire!F39 -> 0 | E26: =Questionnaire!G39+Questionnaire!H39 -> 0 | F26: =Questionnaire!E39 -> 0 | G26: =Questionnaire!I39+Questionnaire!J39 -> 0 | H26: =Questionnaire!K39 -> 0 | I26: =Questionnaire!P39 -> 0 | J26: =Questionnaire!Q39+Questionnaire!R39+Questionnaire!S39 -> 0 | K26: =Questionnaire!T39 -> 0
A27: Total All Billing | B27: =Questionnaire!L40+Questionnaire!M40+Questionnaire!N40 -> 0 | C27: =Questionnaire!C40+Questionnaire!D40 -> 0 | D27: =Questionnaire!F40 -> 0 | E27: =Questionnaire!G40+Questionnaire!H40 -> 0 | F27: =Questionnaire!E40 -> 0 | G27: =Questionnaire!I40+Questionnaire!J40 -> 0 | H27: =Questionnaire!K40 -> 0 | I27: =Questionnaire!P40 -> 0 | J27: =Questionnaire!Q40+Questionnaire!R40+Questionnaire!S40 -> 0 | K27: =Questionnaire!T40 -> 0
A28: YTD Revenue (BL094)
A29: Medicaid (102) | B29: =Questionnaire!L42+Questionnaire!M42+Questionnaire!N42 -> 0 | C29: =Questionnaire!C42+Questionnaire!D42 -> 0 | D29: =Questionnaire!F42 -> 0 | E29: =Questionnaire!G42+Questionnaire!H42 -> 0 | F29: =Questionnaire!E42 -> 0 | G29: =Questionnaire!I42+Questionnaire!J42 -> 0 | H29: =Questionnaire!K42 -> 0 | I29: =Questionnaire!P42 -> 0 | J29: =Questionnaire!Q42+Questionnaire!R42+Questionnaire!S42 -> 0 | K29: =Questionnaire!T42 -> 0
A30: Insurance (103) | B30: =Questionnaire!L43+Questionnaire!M43+Questionnaire!N43 -> 0 | C30: =Questionnaire!C43+Questionnaire!D43 -> 0 | D30: =Questionnaire!F43 -> 0 | E30: =Questionnaire!G43+Questionnaire!H43 -> 0 | F30: =Questionnaire!E43 -> 0 | G30: =Questionnaire!I43+Questionnaire!J43 -> 0 | H30: =Questionnaire!K43 -> 0 | I30: =Questionnaire!P43 -> 0 | J30: =Questionnaire!Q43+Questionnaire!R43+Questionnaire!S43 -> 0 | K30: =Questionnaire!T43 -> 0
A31: Patient Pay (103) | B31: =Questionnaire!L44+Questionnaire!M44+Questionnaire!N44 -> 0 | C31: =Questionnaire!C44+Questionnaire!D44 -> 0 | D31: =Questionnaire!F44 -> 0 | E31: =Questionnaire!G44+Questionnaire!H44 -> 0 | F31: =Questionnaire!E44 -> 0 | G31: =Questionnaire!I44+Questionnaire!J44 -> 0 | H31: =Questionnaire!K44 -> 0 | I31: =Questionnaire!P44 -> 0 | J31: =Questionnaire!Q44+Questionnaire!R44+Questionnaire!S44 -> 0 | K31: =Questionnaire!T44 -> 0
A32: Other (103) | B32: =Questionnaire!L45+Questionnaire!M45+Questionnaire!N45 -> 0 | C32: =Questionnaire!C45+Questionnaire!D45 -> 0 | D32: =Questionnaire!F45 -> 0 | E32: =Questionnaire!G45+Questionnaire!H45 -> 0 | F32: =Questionnaire!E45 -> 0 | G32: =Questionnaire!I45+Questionnaire!J45 -> 0 | H32: =Questionnaire!K45 -> 0 | I32: =Questionnaire!P45 -> 0 | J32: =Questionnaire!Q45+Questionnaire!R45+Questionnaire!S45 -> 0 | K32: =Questionnaire!T45 -> 0
A33: Total All Revenue | B33: =Questionnaire!L46+Questionnaire!M46+Questionnaire!N46 -> 0 | C33: =Questionnaire!C46+Questionnaire!D46 -> 0 | D33: =Questionnaire!F46 -> 0 | E33: =Questionnaire!G46+Questionnaire!H46 -> 0 | F33: =Questionnaire!E46 -> 0 | G33: =Questionnaire!I46+Questionnaire!J46 -> 0 | H33: =Questionnaire!K46 -> 0 | I33: =Questionnaire!P46 -> 0 | J33: =Questionnaire!Q46+Questionnaire!R46+Questionnaire!S46 -> 0 | K33: =Questionnaire!T46 -> 0
A34: Percentage of budgeted Medicaid, Insurance, and Patient Fees revenue received YTD | B34: =IFERROR(B33/(B11+B12),"-") -> - | C34: =IFERROR(C33/(C11+C12),"-") -> - | D34: =IFERROR(D33/(D11+D12),"-") -> - | E34: =IFERROR(E33/(E11+E12),"-") -> - | F34: =IFERROR(F33/(F11+F12),"-") -> - | G34: =IFERROR(G33/(G11+G12),"-") -> - | H34: =IFERROR(H33/(H11+H12),"-") -> - | I34: =IFERROR(I33/(I11+I12),"-") -> - | ... K34: =IFERROR(K33/(K11+K12),"-") -> -

Sheet Budgeted Rev by Source-Program
A1: This graph shows the budgeted revenue sources by program group from the Financial Data Dashboard spreadsheet.

Sheet Rev with Cost Settlement
A1: This graph displays the budgeted revenues for all programs combined and includes budgeted Medicaid Cost Settlement funding.

Sheet Rev without Cost Settlement
A1: This graph displays the budgeted revenues for all programs combined and does not include any budgeted Medicaid Cost Settlement funding.

Sheet Salary-Fringe
A1: This graph uses year to date actual expenditures and compares Salary/Fringe to Operating Expenses.

Sheet Percentage Spent
A1: This graph uses year to date actual expenditures and actual revenues and compares the two by program. If revenues are lower than expenditures, then the program is operating at a loss.

Sheet Billing by Program
A1: This graph displays the current year-to-date billing by program and by guarantor.

Sheet Total Billing
A1: This graph combines three different views of billing (1) Percentage by program (2) Agency-wide amount billed vs amount received (3) Agency-wide percentage of billing that has been collected.

Sheet Billing vs Receipts
A1: This graph is a continuation of the billing study and compares total billing to actual receipts by payor source.

Sheet SFS
A1: This graph displays the percentage of self-pay charges that slid on the sliding fee scale.
